AoeStats
← zisuku

Arena

514600795Analyzed
1v1 RM · 8d ago on Oct 18, 2026· 37m 57s· 2 players
Game mode
Random Map
Map size
Tiny (2 player)
Population
200
Speed
Normal
Resources
Standard
Victory
Conquest
Starting age
Dark Age
Ending age
Imperial Age
RankedLock teamsTeams togetherTeam positionsShared explorationLock speedFull tech treeHidden civsTurbo modeCheats
Victory
Defeat
🇻🇳 Italians · Vietnam
1156
+17
vs
🇷🇴 Vietnamese · Romania
1176
-17
Chungus
10:25 Feudal Age
14:26 Castle Age
12:38 Double-Bit Axe
13:16 Horse Collar
20:16 Wheelbarrow
19:33 Loom
24:31 Heavy Plow
25:08 Bow Saw
25:37 Squires
25:55 Scale Mail Armor
28:52 Imperial Age
26:52 Chain Mail Armor
27:54 Forging
29:13 Iron Casting
30:30 Plate Mail Armor
29:51 Fletching
31:02 Blast Furnace
29:26 Capped Ram
30:30 Hand Cart
30:00 Town Watch
30:35 Fletching
31:06 Ballistics
31:47 Chemistry
30:40 Elite Skirmisher
31:31 Padded Archer Armor
35:00 Bodkin Arrow
35:21 Leather Archer Armor
36:08 Guilds
36:01 Husbandry
36:11 Bloodlines
35:22 Light Cavalry
37:15 Bracer
37:21 Scale Barding Armor
37:47 Ring Archer Armor
38:19 Conscription
37:59 Stone Mining
38:00 Gold Mining
zisuku
10:52 Feudal Age
14:30 Castle Age
12:42 Horse Collar
13:33 Double-Bit Axe
15:54 Loom
16:47 Wheelbarrow
16:40 Bow Saw
21:35 Heavy Plow
24:13 Gold Mining
25:23 Hand Cart
29:49 Imperial Age
27:08 Treadmill Crane
27:57 Fletching
28:10 Padded Archer Armor
28:33 Ballistics
28:24 Masonry
28:36 Crossbowman
29:30 Thumb Ring
29:22 Stone Mining
29:29 Town Watch
31:38 Chemistry
31:01 Paper Money
30:21 Arbalester
32:07 Two-Man Saw
Connection lost

Rejoining the realm…

Still unreachable

The connection could not be restored.

Session expired

The server has moved on; the page needs a fresh start.